 Dungeon Crawl Stone Soup version 0.24-a0-693-g39a19ac0f1 (webtiles) character file.

Game seed: 17637168135968545576, levelgen mode: deterministic

538566 MisterOstroum the Warrior (level 27, -8/241 HPs)
             Began as a Human Enchanter on Sept 27, 2019.
             Was a Believer of Uskayaw.
             Mangled by a large abomination (32 damage)
             ... on level 4 of the Abyss on Sept 28, 2019.
             The game lasted 07:17:26 (99771 turns).

MisterOstroum the Warrior (Human Enchanter)        Turns: 99771, Time: 07:17:27

Health: -8/241     AC: 21    Str: 14 (15) XL:     27
Magic:  40/40      EV: 21    Int: 24 (25) God:    Uskayaw [**....]
Gold:   1559       SH: 18    Dex: 15 (16) Spells: 5/46 levels left

rFire    + . .     SeeInvis +   b - +9 quick blade (pierce)
rCold    . . .     Gourm    .   W - +5 shield {reflect}
rNeg     + . .     Faith    .   v - +2 robe {MR+}
rPois    +         Spirit   .   L - +2 helmet {SInv}
rElec    .         Reflect  +   P - +2 cloak {+Inv}
rCorr    .         Harm     .   a - +2 pair of gloves {Str+3}
MR       +++..                  y - +2 pair of boots
Stlth    +++++++...             G - amulet of Vitality {Regen+ HP+15}
HPRegen  0.90/turn              B - ring of protection from fire
MPRegen  0.27/turn              N - ring "Meawny" {rPois rN+ AC+5 Int+2 Stlth+}

@: lightly drained
A: hooves 1, rugged brown scales 1, blurry vision 2, deformed body,
deterioration 2, high mp 1, MP-powered wands
}: 2/15 runes: barnacled, gossamer
a: Stomp, Line Pass, Renounce Religion, Evoke Invisibility


You were on level 4 of the Abyss.
You worshipped Uskayaw.
Uskayaw was pleased with you.
You were not hungry.

You visited 10 branches of the dungeon, and saw 48 of its levels.
You visited the Abyss 2 times.
You also visited: Bailey and Ice Cave.

You collected 6703 gold pieces.
You spent 5144 gold pieces at shops.

Inventory:

Hand Weapons
 b - a +9 quick blade of piercing (weapon)
Missiles
 J - 109 poisoned darts
 K - 14 throwing nets (quivered) {!f}
Armour
 a - a +2 pair of gloves of strength (worn)
 v - a +2 robe of magic resistance (worn)
 y - a +2 pair of boots (worn)
 L - a +2 helmet of see invisible (worn)
 P - a +2 cloak of invisibility (worn)
 W - a +5 shield of reflection (worn)
Jewellery
 d - an uncursed ring of protection from magic
 j - an uncursed ring of protection from cold
 l - a +4 amulet of reflection {unknown}
 n - an uncursed ring of flight
 o - the ring "Qitzeos" {Ice rElec Str-5 Int+4}
   (You found it on level 1 of the Elven Halls)

   [ring of ice]

   It enhances your ice magic.
   It affects your strength (-5).
   It affects your intelligence (+4).
   It makes you vulnerable to fire.
   It protects you from cold.
   It insulates you from electricity.
 B - a ring of protection from fire (left hand)
 D - an uncursed amulet of faith {unknown}
 G - the amulet of Vitality (around neck) {Regen+ HP+15}
   (You took it off a death knight on level 1 of the Crypt)

   [amulet of regeneration]

   It affects your health (+15).
   It increases your rate of regeneration.
 N - the ring "Meawny" (right hand) {rPois rN+ AC+5 Int+2 Stlth+}
   (You took it off a merfolk impaler on level 3 of the Shoals)

   [ring of protection]

   It affects your AC (+5).
   It affects your intelligence (+2).
   It protects you from poison.
   It protects you from negative energy.
   It makes you more stealthy.
 R - a +6 ring of evasion
Wands
 z - a wand of scattershot (1)
 A - a wand of digging (6)
 O - a wand of acid (19)
 Y - a wand of iceblast (25)
Scrolls
 c - 2 scrolls of identify {@r1}
 f - 8 scrolls of fear {!r}
 g - 25 scrolls of remove curse {@r2}
 h - a scroll of summoning
 i - 2 scrolls of fog {!r}
 m - 2 scrolls of teleportation {@r3 !r}
 s - a scroll of silence
 u - 5 scrolls of blinking {@r4}
 x - a scroll of enchant weapon
 X - 8 scrolls of immolation
Potions
 k - 10 potions of curing {@q1 !q}
 p - 14 potions of brilliance
 q - 5 potions of heal wounds {@q2 !q}
 r - 3 potions of resistance
 t - a potion of cancellation
 F - 6 potions of haste {@q4 !q}
 I - 9 potions of flight
 M - 6 potions of agility {@q5 !q}
 T - 3 potions of might {@q3 !q}
 U - 4 potions of magic
Miscellaneous
 w - a box of beasts
 C - a lamp of fire
 H - a phantom mirror
 Q - a phial of floods
Comestibles
 e - 29 rations


   Skills:
 + Level 18.9(18.6) Fighting
 - Level 12.0(11.7) Short Blades
 * Level 13.2(12.9) Dodging
 - Level 15.0(14.7) Stealth
 - Level 15.0(14.7) Shields
 - Level 10.0(9.7) Spellcasting
 - Level 7.4(7.2) Conjurations
 - Level 12.0(11.8) Hexes
 - Level 11.0(10.7) Charms
 - Level 5.0(4.7) Translocations
 - Level 12.0(11.7) Transmutations
 - Level 7.6(7.3) Fire Magic
 - Level 3.0(2.8) Ice Magic
 - Level 11.0(10.7) Air Magic
 - Level 12.0(11.7) Earth Magic
 - Level 3.0(2.8) Poison Magic
 + Level 14.5(14.2) Invocations
 - Level 13.0(12.7) Evocations


You had 5 spell levels left.
You knew the following spells:

 Your Spells              Type           Power        Failure   Level  Hunger
a - Corona                Hex            ######.      1%          1    None
b - Ensorcelled Hibernat  Hex/Ice        #####.       1%          2    None
c - Confuse               Hex            ######..     1%          3    None
d - Tukima's Dance        Hex            ######..     1%          3    None
e - Shock                 Conj/Air       ####         1%          1    None
f - Mephitic Cloud        Conj/Pois/Air  #####...     1%          3    None
h - Fireball              Conj/Fire      #####.....   8%          5    ####...
i - Sticky Flame          Conj/Fire      #####...     2%          4    #......
j - Spectral Weapon       Hex/Chrm       ######..     1%          3    None
B - Blink                 Tloc           N/A          1%          2    None
F - Statue Form           Tmut/Erth      ######...    7%          6    ######.
M - Deflect Missiles      Chrm/Air       ######....   10%         6    ######.
U - Swiftness             Chrm/Air       ######..     1%          2    None

Your spell library contained the following spells:

 Spells                   Type           Power        Failure   Level  Hunger
 Apportation              Tloc           ####..       1%          1    None
 Confusing Touch          Hex            ######       1%          1    None
 Flame Tongue             Conj/Fire      #####        1%          1    None
 Infusion                 Chrm           ####         1%          1    None
 Magic Dart               Conj           ####         1%          1    None
 Sting                    Conj/Pois      ####         1%          1    None
 Poisonous Vapours        Pois/Air       #####.       1%          2    None
 Shroud of Golubria       Chrm/Tloc      #####.       1%          2    None
 Slow                     Hex            ######..     1%          2    None
 Throw Flame              Conj/Fire      #####.       1%          2    None
 Conjure Flame            Conj/Fire      #####...     1%          3    None
 Dazzling Spray           Conj/Hex       ######       1%          3    None
 Inner Flame              Hex/Fire       ######..     1%          3    None
 Static Discharge         Conj/Air       ######..     1%          3    None
 Airstrike                Air            ######....   1%          4    #......
 Cause Fear               Hex            ######....   1%          4    #......
 Petrify                  Tmut/Erth      ######..     1%          4    #......
 Silence                  Hex/Air        ######....   1%          5    ####...
 Yara's Violent Unravell  Hex/Tmut       ######....   1%          5    ####...
 Gell's Gravitas          Tloc           ####......   2%          3    None
 Lesser Beckoning         Tloc           ####......   2%          3    None
 Teleport Other           Tloc           ####....     2%          3    None
 Iskenderun's Mystic Bla  Conj           #####...     2%          4    #......
 Irradiate                Conj/Tmut      ######....   3%          5    ####...
 Iskenderun's Battlesphe  Conj/Chrm      ######..     3%          5    ####...
 Lightning Bolt           Conj/Air       ######....   3%          5    ####...
 Bolt of Magma            Conj/Fire/Erth ######....   4%          5    ####...
 Animate Skeleton         Necr           N/A          5%          1    None
 Summon Butterflies       Summ           ##......     5%          1    None
 Summon Small Mammal      Summ           ##..         5%          1    None
 Passage of Golubria      Tloc           N/A          8%          4    #......
 Alistair's Intoxication  Tmut/Pois      #####...     8%          5    ####...
 Metabolic Englaciation   Hex/Ice        #####.....   8%          5    ####...
 Call Imp                 Summ           ##......     9%          2    None
 Olgreb's Toxic Radiance  Pois           ####....     17%         4    #......
 Venom Bolt               Conj/Pois      #####.....   19%         5    ####...
 Aura of Abjuration       Summ           ##........   83%         5    ####...
 Invisibility             Hex            ######..     6%          6    ######.
 Hydra Form               Tmut           ######....   7%          6    ######.
 Iron Shot                Conj/Erth      ######....   17%         6    ######.
 Dragon Form              Tmut           ######....   36%         7    #######
 Freezing Cloud           Conj/Ice/Air   #####.....   43%         6    ######.
 Ring of Flames           Chrm/Fire      ######....   73%         7    #######
 Orb of Destruction       Conj           #####.....   93%         7    #######
 Discord                  Hex            ######....   95%         8    #######
 Spellforged Servitor     Conj/Summ      ####......   100%        7    #######


Dungeon Overview and Level Annotations

Branches:
Dungeon (15/15)            Temple (0/1) D:6            Lair (6/6) D:8
 Shoals (4/4) Lair:2       Spider (4/4) Lair:3        Slime (4/5) Lair:6
    Orc (2/2) D:9             Elf (2/3) Orc:2        Vaults (4/5) D:13
  Crypt (2/3) Vaults:3     Depths (5/5) D:15            Zot (0/5) Depths:5
 Bailey (visited)           IceCv (visited)

Altars:
Ashenzari
Elyvilon
Fedhas
Makhleb
Okawaru
Qazlal
Ru
Sif Muna
Trog
Uskayaw
Vehumet
Wu Jian
Xom
Yredelemnul
Zin
The Shining One
Jiyva
Lugonu

Shops:
D:7 [   D:11 }   Orc:2 :*[*   Vaults:2 [   Vaults:4 (   Depths:1 [
Depths:5 }=}

Portals:
Hell: Depths:1 Depths:2 Depths:3 Depths:4 Depths:5
Abyss: Depths:4
Pandemonium: Depths:3
Ziggurat: Depths:4

Annotations:
D:4 exclusion: statue
D:15 3 runed translucent doors, Revvat's ghost, journeyman MiBe
Lair:4 exclusions: hydra and komodo dragon
Shoals:2 exclusions: kraken, merfolk aquamancer and water nymph
Crypt:1 exclusions: 2 greater mummies and mummy priest
Depths:1 !, Bai Suzhen; Mara
Depths:2 exclusion: upstairs
Depths:4 exclusion: 2 deep elf demonologists


Innate Abilities, Weirdness & Mutations

You have large cloven feet.
You are partially covered in rugged brown scales. (AC +1, +3% HP)
Scrolls take you longer to read.
Armour fits poorly on your strangely shaped body.
Your body often deteriorates upon taking damage.
You have an increased reservoir of magic. (+10% MP)
You expend magic power (3 MP) to strengthen your wands.


Message History

Confirm with . or Enter, or press ? or * to list all spells.
You blink.
The starcursed mass shrieks in your mind.
* * * LOW HITPOINT WARNING * * *
Okay, then.
Really quaff
k - 11 potions of curing {@q1 !q}?
You feel better.
A chaos spawn comes into view.
A worldbinder comes into view.
You can no longer pass through a line of other dancers.
You are suddenly pulled into a different region of the Abyss!
Unknown command.
You start resting.
Magic restored.
You start resting.
A great orb of eyes comes into view.
Okay, then.
Unknown command.
Okay, then.
You eat one of the 30 rations.
That ration really hit the spot!
A large abomination comes into view.
Casting: Blink (safe; 1% risk of failure)
Confirm with . or Enter, or press ? or * to list all spells.
You draw out your weapon's spirit!
A large abomination comes into view.
You are too injured to fight recklessly!
You are too injured to fight recklessly!
Unknown command.
The large abomination hits your spectral weapon!
Your spectral weapon shares its damage with you!
A smoke demon comes into view.
The smoke demon roars!
You swap places.
You block the large abomination's attack.
Found a ration.
You hit the large abomination but do no damage.
You hit the large abomination but do no damage.
The large abomination barely misses you.
You puncture the large abomination!
The large abomination is moderately damaged.
Your spectral weapon hits the large abomination.
You hit the large abomination but do no damage.
The large abomination is heavily damaged.
Your spectral weapon hits the large abomination.
The large abomination hits you!!
Your body deteriorates!
You feel weakened.
You hit the large abomination.
The large abomination is heavily damaged.
Your spectral weapon barely misses the large abomination.
You hit the large abomination.
The large abomination is heavily damaged.
Your spectral weapon hits the large abomination but does no damage.
You hit the large abomination.
The large abomination is severely damaged.
Your spectral weapon hits the large abomination but does no damage.
The large abomination hits you.
Found a wand of iceblast (10).
You puncture the large abomination!
You destroy the large abomination!
You can now pass through a line of other dancers.
The smoke demon completely misses you. You block the smoke demon's attack. x2
You barely miss the smoke demon. You puncture the smoke demon!
The smoke demon is moderately wounded.
You closely miss the smoke demon.
The smoke demon is moderately wounded.
Your spectral weapon hits the smoke demon.
The smoke demon hits you but does no damage.
The smoke demon misses you. You block the smoke demon's attack.
You hit the smoke demon.
The smoke demon is heavily wounded.
Your spectral weapon hits the smoke demon but does no damage.
You hit the smoke demon.
The smoke demon is heavily wounded.
Your spectral weapon hits the smoke demon but does no damage.
You catch the helpless smoke demon completely off-guard!
You impale the smoke demon!!
You kill the smoke demon!
An ice dragon zombie comes into view.
The large abomination hits you!!
* * * LOW HITPOINT WARNING * * *
You hit the large abomination but do no damage.
You hit the large abomination but do no damage.
Your spectral weapon hits the large abomination.
The ice dragon zombie bites your spectral weapon.
Your spectral weapon shares its damage with you!
* * * LOW HITPOINT WARNING * * *
The ice dragon zombie barely misses your spectral weapon.
The ice dragon zombie tramples your spectral weapon.
Your spectral weapon shares its damage with you!
* * * LOW HITPOINT WARNING * * *
The large abomination hits you!!!
* * * LOW HITPOINT WARNING * * *
Your body deteriorates!
You feel clumsy.
You hear a shout!
You barely miss the large abomination.
The large abomination is lightly damaged.
Your spectral weapon hits the large abomination but does no damage.
The large abomination hits you!!
You die...

# #.... # # .. . .#.
. # ###.#.. #....
.####. .....
..##..#####..#......
###.... .. .#.. # #.
##...#.##..# #..
#.#..#....#.#..##
#..#...#.#.#Z...#
###......@..#..#
ยง.##....(X##.## #..
##.#...%#.. #
####..## # ....# #.
.##.#. . #./#. # ..#


You could see a large abomination, an ice dragon zombie and a friendly spectral
+9 quick blade of piercing.

Vanquished Creatures
  A juggernaut (Depths:3)
  A greater mummy (Crypt:1)
  A golden dragon (Depths:5)
  Nikola (Spider:2)
  Jory (Crypt:1)
  5 bone dragons
  3 liches
  An Ice Fiend (IceCv)
  2 Hell Sentinels
  Rupert (Orc:2)
  2 deep elf blademasters
  A quicksilver dragon (Depths:1)
  3 acid blobs
  2 Executioners (Depths:4)
  Polyphemus (Shoals:4)
  8 tentacled starspawn
  A kraken (Shoals:4)
  7 sphinxes
  2 ancient champions (Crypt:1)
  2 shadow dragons
  Roxanne (Shoals:4)
  A draconian monk (Depths:5)
  A storm dragon (D:14)
  A tengu reaver (Depths:5)
  3 azure jellies
  8 fire giants
  3 ghost moths (Spider:4)
  7 emperor scorpions
  2 orc warlords (Depths:2)
  2 draconian shifters
  5 frost giants
  A deep elf sorcerer (Elf:1)
  9 vault wardens
  2 balrugs
  An iron dragon (Depths:4)
  2 cacodemons
  Louise (Shoals:2)
  3 draconian stormcallers (Depths:5)
  4 ghouls
  24 very ugly things
  2 spriggan defenders (Depths:4)
  A juggernaut skeleton (Depths:1)
  10 ironheart preservers
  5 entropy weavers
  13 stone giants
  2 ophanim
  2 deep elf annihilators
  3 red draconians
  2 vampire knights
  A purple draconian (Depths:5)
  Azrael (D:12)
  A blizzard demon (Abyss:4)
  2 merfolk javelineers
  Snorg (Orc:2)
  2 deep elf death magi
  3 eidola
  A crystal guardian (Abyss:1)
  A mummy priest (Crypt:1)
  24 ettins
  Josephine (D:11)
  11 merfolk impalers
  17 yaktaur captains
  2 jiangshi (Crypt:1)
  Harold (D:11)
  10 great orbs of eyes
  4 fire dragons
  12 ogre magi
  5 rakshasas
  A great orb of eyes (shapeshifter) (Vaults:4)
  3 ice dragons
  A quicksilver dragon skeleton (D:15)
  4 vault guards
  5 spriggan air magi
  7 merfolk avatars
  7 hydras
  18 centaur warriors
  4 merfolk aquamancers
  3 catoblepae
  10 death knights
  47 two-headed ogres
  4 vampire magi
  Erica (D:9)
  9 tengu warriors
  A satyr (Shoals:4)
  11 thrashing horrors
  7 hell hogs
  17 deep troll earth magi
  10 death yaks
  13 large abominations
  13 deep troll shamans
  21 dancing weapons
  24 hell knights
  4 spriggan berserkers
  9 wretched stars
  4 orc high priests
  11 deep elf knights
  13 skeletal warriors
  A spatial maelstrom (Abyss:4)
  A shadow wraith (Vaults:2)
  9 sea snakes
  4 sixfirhies
  5 iron trolls
  2 storm dragon skeletons
  45 deep trolls
  64 starcursed masses
  3 wizards
  2 unseen horrors
  A flayed ghost (Vaults:3)
  An anaconda zombie (Abyss:4)
  9 phantasmal warriors
  A death drake (Abyss:3)
  5 deep elf archers
  3 glowing orange brains
  A golden dragon skeleton (Crypt:1)
  A harpy (shapeshifter) (Vaults:1)
  8 necromancers
  25 harpies
  An anaconda skeleton (Crypt:1)
  A frost giant zombie (Crypt:1)
  20 orb spiders
  18 orc knights
  A sphinx zombie (Depths:3)
  7 fauns
  38 wolf spiders
  9 orc sorcerers
  45 ugly things
  A shining eye (Slime:3)
  9 ironbrand convokers
  49 deep elf magi
  9 cyclopes
  16 manticores
  4 worldbinders
  5 elephants (Lair:6)
  A spriggan zombie (D:15)
  3 stone giant zombies
  Maurice (D:9)
  2 stone giant skeletons
  An eye of devastation (shapeshifter) (Depths:2)
  13 merfolk sirens
  6 black mambas (Lair:6)
  A fire giant skeleton (Depths:1)
  Joseph (D:8)
  7 water nymphs
  A molten gargoyle (Vaults:3)
  7 ice statues
  5 apocalypse crabs
  7 vault sentinels
  13 smoke demons
  A storm dragon simulacrum (Crypt:1)
  9 spiny frogs
  A gargoyle (D:14)
  3 orange demons
  4 kobold demonologists
  2 torpor snails
  A guardian serpent (shapeshifter) (Vaults:1)
  A spriggan skeleton (Depths:3)
  An efreet (Abyss:4)
  A hellion (Abyss:4)
  5 spectral swamp worms (Depths:5)
  A dire elephant skeleton (Abyss:3)
  7 centaur skeletons
  An elf zombie (D:15)
  7 ice devils (IceCv)
  11 freezing wraiths
  2 rime drakes
  18 demonic crawlers
  A rime drake (shapeshifter) (Abyss:4)
  2 hellwings
  42 yaktaurs
  5 tengu conjurers
  5 komodo dragons
  3 anaconda simulacra (IceCv)
  A catoblepas skeleton (Crypt:1)
  A guardian mummy (Crypt:1)
  9 ancient zymes
  A grey draconian skeleton (Crypt:2)
  A hydra zombie (Crypt:1)
  37 merfolk
  6 polar bears
  32 jumping spiders
  2 queen bees (shapeshifter)
  An iron troll skeleton (Crypt:1)
  11 trolls
  A hornet (shapeshifter) (Vaults:1)
  17 hornets
  An ettin zombie (Abyss:4)
  9 hippogriffs
  17 raiju
  A wind drake (shapeshifter) (Vaults:3)
  A saltling (Vaults:3)
  12 blink frogs
  59 slime creatures
  4 wind drakes
  A frost giant simulacrum (Depths:1)
  5 dream sheep
  5 snapping turtles
  A fire dragon zombie (D:15)
  A guardian serpent skeleton (Crypt:1)
  Sigmund (D:6)
  An ettin skeleton (Depths:1)
  6 flying skulls (Abyss:4)
  2 centaur simulacra (D:15)
  82 redbacks
  4 shadows
  A spriggan (shapeshifter) (Vaults:3)
  17 spriggans
  6 ynoxinuls
  14 water elementals
  26 tarantellas
  3 wyverns
  Eustachio (D:5)
  13 humans
  2 dire elephant simulacra (IceCv)
  A fire elemental (D:11)
  51 yaks
  4 basilisks
  A human (shapeshifter) (Depths:5)
  13 wraiths
  A hog (shapeshifter) (Depths:2)
  A golden eye (Abyss:1)
  A human simulacrum (Vaults:2)
  16 vampire mosquitoes
  4 neqoxecs
  2 chaos spawn
  5 insubstantial wisps
  6 wargs
  A spatial vortex (Abyss:4)
  A harpy simulacrum (IceCv)
  A soldier ant (D:8)
  A naga (shapeshifter) (Vaults:2)
  2 human zombies
  2 iron troll simulacra (IceCv)
  A water moccasin (shapeshifter) (Vaults:1)
  3 acid dragons
  2 hydra simulacra (IceCv)
  12 water moccasins
  14 hell hounds
  A porcupine (shapeshifter) (Vaults:3)
  6 porcupines
  A torturous demonspawn skeleton (Crypt:1)
  A deep troll skeleton (Crypt:2)
  2 necrophages
  7 ice beasts
  2 eyes of draining
  2 phantoms
  37 orc warriors
  A snapping turtle zombie (Crypt:1)
  7 black bears
  A swamp dragon zombie (Crypt:1)
  6 sky beasts
  44 wolves
  32 ogres
  9 boggarts
  33 centaurs
  13 crocodiles
  16 small abominations
  4 big kobolds
  16 bullfrogs
  A wyvern zombie (D:12)
  A hippogriff skeleton (Crypt:1)
  2 earth elementals (Elf:2)
  A wyvern skeleton (D:14)
  A warg zombie (Crypt:1)
  4 scorpions
  8 jellies
  3 killer bees (D:8)
  A troll skeleton (Crypt:1)
  6 howler monkeys
  5 wights
  8 electric eels
  9 crimson imps
  5 centaur zombies
  11 hounds
  4 quasits
  A soldier ant zombie (Crypt:1)
  22 orc priests
  2 bullfrog zombies
  18 orc wizards
  3 iron imps (Abyss:3)
  2 bullfrog skeletons
  4 iguanas
  12 worker ants
  A felid skeleton (Crypt:2)
  A hound zombie (D:6)
  A mummy (Crypt:1)
  3 worker ant zombies
  9 gnolls
  17 adders
  3 shadow imps
  4 white imps
  4 ufetubi
  An ooze (Abyss:4)
  4 adder skeletons
  2 worms (D:2)
  A dart slug (D:5)
  7 leopard geckos
  65 orcs
  5 giant cockroaches
  18 goblins
  11 hobgoblins
  18 jackals
  9 kobolds
  7 quokkas
  2 ball pythons (D:3)
  3 bats (D:2)
  9 frilled lizards
  10 rats
  A plant (Shoals:4)
  A starspawn tentacle (Abyss:1)
2330 creatures vanquished.

Vanquished Creatures (collateral kills)
  A green draconian (Depths:5)
  A vampire knight (Depths:4)
  A vault guard (Vaults:2)
  A death knight (Vaults:2)
  A two-headed ogre (D:10)
  A hell knight (Depths:4)
  An ironbrand convoker (Vaults:3)
  A necromancer (Depths:1)
  A deep elf mage (Elf:2)
  A cyclops (Vaults:2)
  A kobold demonologist (Depths:4)
  A human (D:13)
  Grum (D:9)
  2 orc warriors
  An ogre (D:11)
  A gnoll (D:5)
  2 orcs
19 creatures vanquished.

Vanquished Creatures (others)
  A fire giant (Depths:4)
  A merfolk aquamancer (Shoals:4)
  A rime drake (Lair:5)
  4 yaktaurs
  A slime creature (Depths:2)
  12 dancing weapons
  A flying skull (Abyss:4)
  A human (D:13)
  4 small abominations
  An ogre (Vaults:2)
  A bullfrog skeleton (D:12)
  A hobgoblin (Bailey)
  A bush (D:6)
  A fungus (Lair:1)
  A lurking horror (Abyss:4)
  6 plants
  40 spectral weapons
  17 starspawn tentacles
  8 tentacles (Shoals:4)
  6 withered plants (D:15)
109 creatures vanquished.

Grand Total: 2458 creatures vanquished

Notes
Turn   | Place    | Note
-------+----------+-------------------------------------------
     0 | D:1      | MisterOstroum the Human Enchanter began the quest for the
                  | Orb.
     0 | D:1      | Reached XP level 1. HP: 13/13 MP: 3/3
   161 | D:1      | Reached skill level 1 in Fighting
   412 | D:1      | Reached XP level 2. HP: 17/21 MP: 5/5
   416 | D:1      | Learned a level 2 spell: Ensorcelled Hibernation
  1097 | D:2      | Reached skill level 2 in Fighting
  1097 | D:2      | Reached XP level 3. HP: 28/28 MP: 1/6
  1163 | D:2      | Learned a level 3 spell: Confuse
  1557 | D:2      | Found a white marble altar of Elyvilon.
  1799 | D:2      | Reached XP level 4. HP: 8/34 MP: 2/7
  2271 | D:2      | Found an ornate altar of the Wu Jian Council.
  2271 | D:2      | Found a hide-covered altar of Uskayaw.
  2271 | D:2      | Found a shimmering blue altar of Sif Muna.
  2271 | D:2      | Found a glowing silver altar of Zin.
  2272 | D:2      | Reached skill level 1 in Ice Magic
  2285 | D:2      | Became a worshipper of Uskayaw the Reveler
  2357 | D:2      | Found a bloodstained altar of Trog.
  2357 | D:2      | Found a shattered altar of Ashenzari.
  2483 | D:2      | Reached * piety under Uskayaw
  2760 | D:2      | Reached XP level 5. HP: 37/39 MP: 5/8
  2855 | D:3      | Found a glowing drain.
  2998 | D:3      | Found a white marble altar of Elyvilon.
  3153 | D:3      | Reached ** piety under Uskayaw
  3441 | D:4      | Noticed an ogre
  3631 | D:4      | Found a radiant altar of Vehumet.
  3632 | D:4      | Noticed a charred statue
  3993 | D:4      | Reached XP level 6. HP: 26/46 MP: 1/9
  3998 | D:4      | Learned a level 3 spell: Tukima's Dance
  4348 | D:4      | Found a sacrificial altar of Ru.
  4415 | D:5      | Entered Level 5 of the Dungeon
  4497 | D:5      | Noticed an ogre
  4593 | D:5      | Found a glowing golden altar of the Shining One.
  5095 | D:5      | Reached skill level 5 in Hexes
  5095 | D:5      | Reached XP level 7. HP: 45/51 MP: 1/10
  5290 | D:5      | Noticed Eustachio
  5320 | D:5      | Killed Eustachio
  5828 | D:5      | Reached XP level 8. HP: 57/57 MP: 12/12
  5931 | D:5      | Got a shimmering golden amulet
  5932 | D:5      | Identified the amulet of the Four Planets {*Drain +Rage MR-
                  | Int+9 SInv} (You found it on level 5 of the Dungeon)
  6230 | D:6      | Reached skill level 5 in Stealth
  6235 | D:6      | Reached *** piety under Uskayaw
  6377 | D:6      | Found a staircase to the Ecumenical Temple.
  6380 | D:6      | Noticed Sigmund
  7064 | D:6      | Killed Sigmund
  7064 | D:6      | Reached XP level 9. HP: 62/62 MP: 6/13
  7323 | D:7      | Reached skill level 3 in Fighting
  7383 | D:7      | Found Lops's Armour Emporium.
  7397 | D:7      | Bought a +2 helmet of see invisible for 258 gold pieces
  7471 | D:7      | Reached skill level 4 in Fighting
  7533 | D:7      | Found a basalt altar of Yredelemnul.
  7533 | D:7      | Found a stormy altar of Qazlal.
  7533 | D:7      | Found a blossoming altar of Fedhas.
  7850 | D:7      | Reached skill level 5 in Fighting
  8045 | D:7      | Got a thick robe
  8056 | D:7      | Identified the cursed +0 robe of Joy {rF+} (You found it on
                  | level 7 of the Dungeon)
  8395 | D:8      | Noticed a troll
  8565 | D:6      | Noticed a seven-headed hydra
  8565 | D:6      | Noticed a skeletal warrior
  8696 | D:8      | Found a staircase to the Lair.
  8750 | D:8      | Reached XP level 10. HP: 48/74 MP: 12/17
  8776 | D:8      | Reached skill level 5 in Spellcasting
  9288 | D:8      | Noticed Joseph
  9328 | D:8      | Killed Joseph
  9341 | D:8      | Got an encrusted scythe
 10053 | D:8      | Identified the +1 scythe of Disarray {venom, Int+2 Dex+4
                  | SInv} (You found it on level 8 of the Dungeon)
 10096 | D:8      | Reached skill level 10 in Hexes
 10621 | D:8      | Reached skill level 1 in Evocations
 10884 | D:9      | Noticed Maurice
 10902 | D:9      | Killed Maurice
 11028 | D:9      | Reached XP level 11. HP: 73/79 MP: 5/18
 11293 | D:9      | Noticed Grum
 11326 | D:9      | Killed Grum
 11584 | D:9      | Noticed Erica
 11804 | Lair:1   | Entered Level 1 of the Lair of Beasts
 12323 | Lair:1   | Reached skill level 5 in Evocations
 12407 | Lair:1   | Reached skill level 10 in Stealth
 12413 | Lair:1   | Reached **** piety under Uskayaw
 12492 | Lair:1   | Reached skill level 5 in Short Blades
 13283 | Lair:2   | Reached skill level 1 in Invocations
 13583 | Lair:2   | Found a staircase to the Shoals.
 13603 | Lair:2   | Learned a level 2 spell: Blink
 13606 | Lair:2   | Learned a level 2 spell: Swiftness
 14199 | Lair:3   | Reached skill level 1 in Charms
 14201 | Lair:3   | Reached skill level 1 in Translocations
 14201 | Lair:3   | Reached skill level 1 in Air Magic
 14760 | Lair:3   | Reached XP level 12. HP: 83/86 MP: 10/19
 14774 | Lair:3   | Reached ***** piety under Uskayaw
 15003 | Lair:3   | Noticed a five-headed hydra
 15516 | Lair:3   | Found a hole to the Spider Nest.
 15980 | Lair:3   | Reached skill level 5 in Invocations
 16209 | Lair:4   | Found a stormy altar of Qazlal.
 16307 | Lair:4   | Noticed an eight-headed hydra
 18777 | D:9      | Found a staircase to the Orcish Mines.
 18883 | D:10     | Entered Level 10 of the Dungeon
 19014 | D:10     | Noticed a centaur warrior
 19018 | D:10     | Killed a centaur warrior
 19309 | D:10     | Learned a level 1 spell: Shock
 19461 | D:10     | Noticed a two-headed ogre
 19471 | D:10     | Killed a two-headed ogre
 19471 | D:10     | Reached skill level 5 in Charms
 19471 | D:10     | Reached XP level 13. HP: 91/91 MP: 8/20
 19922 | D:11     | Reached skill level 5 in Air Magic
 20071 | D:11     | Reached skill level 5 in Translocations
 20071 | D:11     | Noticed Harold
 20102 | D:11     | Killed Harold
 20336 | D:11     | Noticed Josephine
 20763 | D:11     | Found Yclo's Gadget Emporium.
 20951 | D:11     | Reached skill level 1 in Shields
 21060 | D:11     | Reached skill level 1 in Conjurations
 21670 | D:11     | Killed Josephine
 22450 | D:12     | Noticed a five-headed hydra
 22464 | D:12     | Killed a five-headed hydra
 22491 | D:12     | Noticed a centaur warrior
 22508 | D:12     | Reached ****** piety under Uskayaw
 22882 | D:12     | Killed a centaur warrior
 23070 | D:12     | Noticed Azrael
 23341 | D:12     | Learned a level 3 spell: Mephitic Cloud
 23444 | D:12     | Reached XP level 14. HP: 96/98 MP: 16/21
 23891 | D:9      | Killed Erica
 23950 | Orc:1    | Entered Level 1 of the Orcish Mines
 24002 | Orc:1    | Reached skill level 1 in Poison Magic
 24194 | Orc:1    | Found a flagged portal.
 24223 | Bailey   | Entered a bailey
 24455 | Bailey   | Found an iron altar of Okawaru.
 24465 | Bailey   | Reached skill level 5 in Conjurations
 26574 | Spider:1 | Entered Level 1 of the Spider Nest
 26751 | Orc:2    | Entered Level 2 of the Orcish Mines
 26751 | Orc:2    | Found a staircase to the Elven Halls.
 26884 | Orc:2    | Noticed Rupert
 26922 | Orc:2    | Found a shimmering altar of Xom.
 26972 | Orc:2    | Noticed Snorg
 26981 | Orc:2    | Killed Snorg
 27555 | D:12     | Reached skill level 10 in Evocations
 27564 | D:12     | Killed Azrael
 29122 | D:13     | Found a gate to the Vaults.
 29764 | D:14     | Noticed a stone giant
 29797 | D:14     | Noticed a storm dragon
 29963 | D:14     | Killed a stone giant
 29969 | D:14     | Reached XP level 15. HP: 103/103 MP: 23/23
 30015 | D:14     | Killed a storm dragon
 30418 | D:14     | Reached skill level 8 in Fighting
 30418 | D:14     | Reached XP level 16. HP: 118/118 MP: 25/25
 31637 | Spider:1 | Learned a level 3 spell: Static Discharge
 31702 | Spider:1 | Reached skill level 9 in Fighting
 34221 | Spider:2 | Noticed Nikola
 34269 | Spider:2 | Killed Nikola
 35050 | Spider:2 | Reached XP level 17. HP: 115/125 MP: 24/27
 35351 | Spider:2 | Reached skill level 5 in Dodging
 38485 | Shoals:1 | Entered Level 1 of the Shoals
 38542 | Shoals:1 | Reached skill level 10 in Invocations
 39355 | Shoals:1 | Reached skill level 10 in Fighting
 39785 | Shoals:1 | Gained mutation: You are frail. (-10% HP) [mutagenic glow]
 41299 | Shoals:2 | Noticed Louise
 41310 | Shoals:2 | Killed Louise
 41729 | Shoals:2 | Reached XP level 18. HP: 116/122 MP: 24/28
 42037 | Shoals:2 | Noticed a kraken
 42477 | Shoals:3 | Upgraded the game from 0.24-a0-653-g3936067ed8 to
                  | 0.24-a0-693-g39a19ac0f1
 43352 | Shoals:3 | Identified the ring "Meawny" {rPois rN+ AC+5 Int+2 Stlth+}
 43364 | Shoals:3 | Reached skill level 10 in Dodging
 44539 | Shoals:4 | Entered Level 4 of the Shoals
 44554 | Shoals:4 | Reached skill level 11 in Fighting
 44730 | Shoals:4 | Identified Roxanne's Reference Book on Changing
 44730 | Shoals:4 | Noticed Roxanne
 45705 | Shoals:4 | Noticed Polyphemus
 45723 | Shoals:4 | Killed Polyphemus
 45732 | Shoals:4 | Noticed a kraken
 45754 | Shoals:4 | Killed a kraken
 47013 | Shoals:4 | Reached skill level 12 in Fighting
 47709 | Shoals:4 | Killed Roxanne
 48217 | Shoals:4 | Reached XP level 19. HP: 106/131 MP: 21/29
 48475 | Shoals:4 | Got a barnacled rune of Zot
 48886 | Spider:4 | Entered Level 4 of the Spider Nest
 51254 | Spider:4 | Reached skill level 15 in Stealth
 52625 | Spider:4 | Got a gossamer rune of Zot
 52945 | Vaults:1 | Entered Level 1 of the Vaults
 53046 | Vaults:1 | Reached skill level 5 in Shields
 53220 | Vaults:1 | Learned a level 5 spell: Fireball
 53225 | Vaults:1 | Learned a level 4 spell: Sticky Flame
 53431 | Vaults:1 | Reached skill level 1 in Fire Magic
 54463 | Vaults:1 | Reached XP level 20. HP: 137/137 MP: 19/32
 55169 | Vaults:1 | Reached skill level 5 in Fire Magic
 55714 | Vaults:1 | Identified Tashreb's Volume of Lucky Beguiling
 55720 | Vaults:1 | Learned a level 3 spell: Spectral Weapon
 56802 | Orc:2    | Killed Rupert
 57184 | Orc:2    | Found Husedekk's Assorted Antiques.
 57189 | Orc:2    | Found Qoyn's General Store.
 57686 | Orc:2    | Paralysed by an orc sorcerer for 3 turns
 57723 | Orc:2    | Found Wokhlic's Armour Shop.
 57798 | Orc:2    | Found Gaad's Book Shoppe.
 58156 | Shoals:1 | Learned a level 6 spell: Statue Form
 58451 | Elf:1    | Entered Level 1 of the Elven Halls
 58492 | Elf:1    | Reached skill level 1 in Transmutations
 58492 | Elf:1    | Reached skill level 1 in Earth Magic
 58586 | Elf:1    | Found a frozen archway.
 58612 | IceCv    | Entered an ice cave
 59509 | IceCv    | Noticed an Ice Fiend
 59515 | IceCv    | Killed an Ice Fiend
 59537 | IceCv    | Got a polished hand crossbow
 59538 | IceCv    | Identified the cursed +1 hand crossbow of Tension {flame,
                  | Dex+4} (You found it in an ice cave)
 59542 | IceCv    | Identified the +12 plate armour of the Eagle {Int+7} (You
                  | found it in an ice cave)
 60968 | Elf:1    | Got a steaming platinum ring
 60969 | Elf:1    | Identified the ring "Qitzeos" {Ice rElec Str-5 Int+4} (You
                  | found it on level 1 of the Elven Halls)
 61015 | Elf:1    | Identified the Papyrus of Supportive Attacks
 61193 | Elf:1    | Reached skill level 5 in Transmutations
 61193 | Elf:1    | Reached skill level 5 in Earth Magic
 61714 | Vaults:2 | Found Mebosabe's Antique Armour Shop.
 61769 | Vaults:2 | Reached XP level 21. HP: 115/143 MP: 7/33
 63268 | Vaults:2 | Lost mutation: You are frail. (-10% HP) [potion of
                  | mutation]
 63268 | Vaults:2 | Gained mutation: You have supernaturally acute eyesight.
                  | (SInv) [potion of mutation]
 63268 | Vaults:2 | Gained mutation: Your body sometimes deteriorates upon
                  | taking damage. [potion of mutation]
 63268 | Vaults:2 | Gained mutation: Your magical capacity is low. (-10% MP)
                  | [potion of mutation]
 63268 | Vaults:2 | Gained mutation: You are resistant to hostile enchantments.
                  | (MR+) [potion of mutation]
 65139 | Vaults:2 | Found Mebosabe's Antique Armour Shop.
 67534 | Vaults:3 | Found a staircase to the Crypt.
 67989 | Vaults:3 | Reached skill level 10 in Transmutations
 67989 | Vaults:3 | Reached skill level 10 in Earth Magic
 68289 | Orc:2    | Bought a manual of Fighting for 1987 gold pieces
 69361 | Vaults:4 | Reached XP level 22. HP: 119/167 MP: 1/30
 69735 | Vaults:4 | Found Qirumn's Antique Weapon Shop.
 70074 | Vaults:4 | Reached skill level 13 in Fighting
 71406 | D:15     | Entered Level 15 of the Dungeon
 71970 | D:15     | Lost mutation: You are resistant to hostile enchantments.
                  | (MR+) [potion of mutation]
 71970 | D:15     | Lost mutation: Your magical capacity is low. (-10% MP)
                  | [potion of mutation]
 71970 | D:15     | Lost mutation: You have supernaturally acute eyesight.
                  | (SInv) [potion of mutation]
 71970 | D:15     | Gained mutation: Scrolls take you a little longer to read.
                  | [potion of mutation]
 71970 | D:15     | Gained mutation: You have sharp toenails. [potion of
                  | mutation]
 71970 | D:15     | Gained mutation: You are partially covered in icy blue
                  | scales. (AC +2) [potion of mutation]
 72182 | D:15     | Noticed Revvat's ghost (journeyman MiBe)
 72187 | D:15     | Found a runed translucent gate.
 72187 | D:15     | Found a runed translucent gate.
 72187 | D:15     | Found a runed translucent gate.
 72408 | D:15     | Reached skill level 14 in Fighting
 72444 | D:15     | Found a staircase to the Depths.
 73316 | Depths:1 | Entered Level 1 of the Depths
 73542 | Depths:1 | Reached skill level 10 in Spellcasting
 73656 | Depths:1 | Found a gateway to Hell.
 74468 | Depths:1 | Reached skill level 15 in Fighting
 74514 | Depths:1 | Noticed Bai Suzhen
 74598 | Depths:2 | Reached XP level 23. HP: 182/182 MP: 32/37
 74612 | Depths:2 | Paralysed by a great orb of eyes for 5 turns
 75052 | Depths:2 | Reached skill level 16 in Fighting
 75367 | Depths:1 | Found Ylorphag's Armour Shop.
 75499 | Depths:1 | Noticed Mara
 75518 | Depths:1 | Noticed MisterOstroum's illusion
 76030 | Depths:1 | Noticed MisterOstroum's illusion
 76594 | Depths:2 | Lost mutation: Your body sometimes deteriorates upon taking
                  | damage. [potion of mutation]
 76594 | Depths:2 | Lost mutation: Scrolls take you a little longer to read.
                  | [potion of mutation]
 76594 | Depths:2 | Lost mutation: You are partially covered in icy blue
                  | scales. (AC +2) [potion of mutation]
 76594 | Depths:2 | Gained mutation: You are partially covered in rugged brown
                  | scales. (AC +1, +3% HP) [potion of mutation]
 76594 | Depths:2 | Gained mutation: Scrolls take you a little longer to read.
                  | [potion of mutation]
 76594 | Depths:2 | Gained mutation: Scrolls take you longer to read. [potion
                  | of mutation]
 76594 | Depths:2 | Gained mutation: You expend magic power (3 MP) to
                  | strengthen your wands. [potion of mutation]
 77224 | Depths:2 | Found an iron altar of Okawaru.
 77390 | Depths:2 | Reached skill level 17 in Fighting
 78017 | Spider:3 | Lost mutation: Scrolls take you longer to read. [potion of
                  | mutation]
 78017 | Spider:3 | Lost mutation: You have sharp toenails. [potion of
                  | mutation]
 78017 | Spider:3 | Gained mutation: You have large cloven feet. [potion of
                  | mutation]
 78017 | Spider:3 | Gained mutation: You have an increased reservoir of magic.
                  | (+10% MP) [potion of mutation]
 78455 | Depths:2 | Identified the +1 robe of the Fife {rF+ MP-9 Dex+3 Stlth+}
                  | (You found it on level 2 of the Depths)
 79397 | Depths:3 | Reached XP level 24. HP: 193/201 MP: 33/40
 79668 | Depths:3 | Reached skill level 10 in Shields
 79950 | Depths:3 | Reached skill level 18 in Fighting
 80522 | Depths:3 | Found a one-way gate leading to the halls of Pandemonium.
 80830 | Depths:3 | Noticed a juggernaut
 81535 | Depths:3 | Killed a juggernaut
 82657 | Depths:4 | Paralysed by a vampire knight for 3 turns
 82982 | Depths:4 | Found a corrupted altar of Lugonu.
 82982 | Depths:4 | Found a one-way gate to the infinite horrors of the Abyss.
 83326 | Depths:4 | Found a gateway to a ziggurat.
 83354 | Depths:4 | Reached XP level 25. HP: 210/210 MP: 25/40
 83639 | Depths:4 | Found a burning altar of Makhleb.
 83692 | Depths:4 | Found a runed translucent door.
 83693 | Depths:4 | Found a runed translucent door.
 83705 | Depths:4 | Reached skill level 15 in Shields
 84153 | Depths:4 | Found a glowing golden altar of the Shining One.
 87198 | Orc:2    | Bought a book of Enchantments for 900 gold pieces
 87206 | Orc:2    | Bought a potion of heal wounds for 75 gold pieces
 87206 | Orc:2    | Bought a potion of berserk rage for 75 gold pieces
 87209 | Orc:2    | Bought a potion of brilliance for 148 gold pieces
 87209 | Orc:2    | Bought a potion of heal wounds for 185 gold pieces
 87209 | Orc:2    | Bought a scroll of fear for 129 gold pieces
 87209 | Orc:2    | Bought a scroll of blinking for 277 gold pieces
 87209 | Orc:2    | Bought a papyrus book for 555 gold pieces
 87209 | Orc:2    | Bought a paperback book for 555 gold pieces
 87501 | Crypt:1  | Entered Level 1 of the Crypt
 87531 | Crypt:1  | Noticed Jory
 87561 | Crypt:1  | Killed Jory
 88916 | Crypt:1  | Reached skill level 10 in Short Blades
 89182 | Crypt:1  | Noticed a greater mummy
 89183 | Crypt:1  | You fall into a shaft and drop 1 floor!
 89423 | Crypt:1  | Killed a greater mummy
 89523 | Crypt:1  | Noticed a greater mummy
 89541 | Crypt:1  | Noticed a greater mummy
 90248 | Elf:2    | Found a huge runed translucent gate.
 90248 | Elf:2    | Found a huge runed translucent gate.
 90248 | Elf:2    | Found a huge runed translucent gate.
 90248 | Elf:2    | Found a huge runed translucent gate.
 90248 | Elf:2    | Found a huge runed translucent gate.
 90316 | Elf:2    | Reached XP level 26. HP: 219/219 MP: 37/40
 90911 | Elf:2    | Learned a level 6 spell: Deflect Missiles
 91235 | Depths:5 | Entered Level 5 of the Depths
 91424 | Depths:5 | Found a gate to the Realm of Zot.
 92439 | Depths:5 | Found Ginoeprygh's Gadget Boutique.
 92439 | Depths:5 | Found Vigaociy's Jewellery Shoppe.
 92440 | Depths:5 | Found Kurakurch's Gadget Boutique.
 93301 | Lair:6   | Entered Level 6 of the Lair of Beasts
 94290 | Lair:6   | Found a viscous altar of Jiyva.
 94290 | Lair:6   | Found a staircase to the Slime Pits.
 94647 | Slime:1  | Entered Level 1 of the Pits of Slime
 94995 | Slime:3  | Gained mutation: Scrolls take you longer to read. [a
                  | shining eye]
 94998 | Slime:3  | Gained mutation: Your body sometimes deteriorates upon
                  | taking damage. [a shining eye]
 95559 | Depths:4 | Voluntarily entered the Abyss.
 95749 | Gauntlet | Entered a Gauntlet
 96048 | Abyss:3  | Gained mutation: Your body often deteriorates upon taking
                  | damage. [a neqoxec]
 96143 | Depths:4 | Escaped the Abyss
 96274 | Depths:4 | Voluntarily entered the Abyss.
 96606 | Abyss:1  | Reached XP level 27. HP: 225/225 MP: 27/37
 97000 | Abyss:1  | Reached skill level 10 in Charms
 97000 | Abyss:1  | Reached skill level 10 in Air Magic
 97770 | Abyss:2  | Found a burning altar of Makhleb.
 97901 | Abyss:2  | Paralysed by accursed screaming for 1 turns
 97912 | Abyss:2  | Paralysed by accursed screaming for 2 turns
 97932 | Abyss:2  | Paralysed by accursed screaming for 1 turns
 97955 | Abyss:2  | Paralysed by accursed screaming for 2 turns
 97961 | Abyss:2  | Paralysed by accursed screaming for 1 turns
 97973 | Abyss:2  | Paralysed by accursed screaming for 2 turns
 97985 | Abyss:2  | HP: 12/312 [tentacled monstrosity (9)]
 98528 | Abyss:4  | Paralysed by accursed screaming for 1 turns
 98562 | Abyss:4  | Paralysed by accursed screaming for 1 turns
 98853 | Abyss:4  | Gained mutation: Armour fits poorly on your strangely
                  | shaped body. [a neqoxec]
 99137 | Abyss:4  | Found a corrupted altar of Lugonu.
 99446 | Abyss:4  | Paralysed by accursed screaming for 1 turns
 99651 | Abyss:4  | Paralysed by accursed screaming for 2 turns
 99771 | Abyss:4  | Mangled by a large abomination

Levels and vault maps discovered:
D:1:      nicolae_arrival_washed_ashore, layout_basic
D:2:      layout_loops_cross, minmay_overflow_temple_hex, lemuel_round_altar,
          minmay_misc_feat_doors
D:3:      layout_basic, portal_sewer_entry_a, lemuel_statue_altar
D:4:      layout_cave_pools, vehumet_statue, nicolae_ru_path_of_blood
D:5:      layout_rooms, tso_oasis_becter, first_ration, serial_co_window_serial,
          co_window_paths_a, co_window_paths_a, co_window_paths_a,
          co_window_paths_a, co_window_of_opportunity_a, co_window_2corner,
          co_window_cross_4, co_window_broadway_a, co_window_broadway_c,
          co_window_4corner_a, co_window_paths_e, glass_columns_a,
          uniq_eustachio
D:6:      minmay_klotski, layout_loops_ring, minmay_temple_entry_ruins,
          minmay_misc_feat_iff, kennysheep_doodads, lemuel_old_faithful,
          uniq_sigmund
D:7:      layout_basic, gammafunk_temple_overflow_claw, serial_shops,
          nicolae_shop_behind_doors
D:8:      layout_basic, erik_lair_island, hangedman_pestilent_swarm, uniq_joseph
D:9:      layout_roguey, orc_0_dummy, uniq_erica, uniq_maurice, uniq_grum
D:10:     layout_roguey
D:11:     layout_cave_pods, serial_shops, shop, uniq_josephine, uniq_harold
D:12:     minmay_dotted_concentric_squares, layout_long_grid,
          gauntlet_entry_generic, uniq_azrael
D:13:     layout_long_grid, ximxim_vaults_locker_room
D:14:     layout_loops_corners, minivault_24, minmay_diamond_spiral
D:15:     gammafunk_depths_entry_grave, layout_basic, serial_ice, serial_ice_e,
          serial_ice_l, serial_ice_o, serial_ice_c, serial_ice_m, serial_ice_g,
          serial_ice_a, serial_ice_f, gammafunk_ghost_split
Lair:1:   layout_layer_cave
Lair:2:   wander_river, layout_cave_pods, elwin_shoals_entry_rocks
Lair:3:   layout_roguey, spider_nest_entry_funnel_web, serial_bayou_shore_b
Lair:4:   layout_cave_pods, basic_altar, patterned_corridor,
          serial_bayou_shore_a, uniq_nergalle
Lair:5:   layout_regular_city, st_stairs_12, grunt_megastairs_4
Lair:6:   minmay_lair_end_enchanted_forest, layout_regular_city,
          dpeg_slime_entry_enclosed_altar
Shoals:1: layout_shoals, argonaut_gorgonesque
Shoals:2: layout_shoals, uniq_louise
Shoals:3: layout_shoals
Shoals:4: shoals_end_simple, layout_shoals, uniq_polyphemus, uniq_roxanne
Spider:1: layout_spider_delve
Spider:2: layout_spider_delve, drop_trap, uniq_nikola
Spider:3: layout_spider_delve
Spider:4: spider_rune_water, nicolae_crawler_farm
Slime:1:  layout_caves
Slime:2:  cheibrodos_slime_lost_civilization_3, layout_caves
Slime:3:  layout_caves
Slime:4:  layout_caves
Orc:1:    layout_caves, enter_bailey_3
Orc:2:    st_orc_elflike, layout_caves, basic_altar, uniq_rupert, uniq_snorg
Elf:1:    layout_geoelf_grid, portal_ice_cave_entry_ice_statue_two,
          minmay_elf_sorcery, grunt_ministairs_12,
          ebering_dispersal_statue_hall, minmay_strange_pillars
Elf:2:    layout_gridlike
Vaults:1: v_misc_10, nicolae_vaults_three_branches, ontoclasm_vaults_spin,
          nicolae_vaults_ring_of_whatevers, v_misc_2,
          nicolae_vaults_network_square, nicolae_vaults_shelves_hall,
          nicolae_vaults_little_squares_2, vaults_room_door_ring,
          nicolae_vaults_alarming, nicolae_vaults_angled_halls,
          layout_vaults_big_room
Vaults:2: vaults_mumra_chevron, hangedman_vaults_snaps, v_misc_15, v_misc_14,
          v_alt_pattern_1, ontoclasm_vaults_loading_screen,
          ontoclasm_vaults_tryst, st_lines, v_misc_9, vaults_room_octagon,
          vaults_dpeg_diagonal, nicolae_vaults_border_crossing,
          layout_vaults_maze_snakey, serial_shops, nicolae_shop_stone
Vaults:3: nicolae_vaults_rhombus_7, ontoclasm_vaults_ring_square,
          nicolae_vaults_asterisk, blue_anna_dwarven_crypt, serial_ice_g,
          nicolae_vaults_ninety_degrees, vaults_dpeg_ring,
          vaults_room_stairs_pillars, v_misc_33, layout_vaults_omnicross,
          portal_desolation_entry_salt
Vaults:4: hangedman_vaults_impose, ontoclasm_vaults_shuriken,
          vaults_room_large_hall, nicolae_vaults_rhombus_6,
          vaults_room_stairs_pillars, nicolae_vaults_little_squares_1,
          vaults_room_semicircle, v_rooms_3, nicolae_vaults_ring_of_whatevers,
          dpeg_vaults_monster_row, nicolae_vaults_know_your_exits,
          vaults_dpeg_hooks, v_misc_13, layout_vaults_omnibox, serial_shops,
          nicolae_shop_overgrown_old_shop
Crypt:1:  ragdoll_tomb_raider, layout_rooms, uniq_khufu, uniq_jory
Crypt:2:  layout_chaotic_city, uniq_boris
Depths:1: layout_cave_pools, serial_bayou_pond_a, hell_entry, serial_shops,
          shop, minmay_misc_feat_rugged, drop_trap, dispersion_dpeg, uniq_mara,
          uniq_bai_suzhen
Depths:2: evilmike_iron_armoury, layout_cave_pools, grunt_hell_horde
Depths:3: giant_chief_lemuel, layout_cave_pools, hell_entry, pan_entry
Depths:4: evilmike_makhleb_hellhole, layout_basic, enter_ziggurat_e,
          pf_hell_entry_great_geh, abyss_entry_flame_altar,
          chequers_serial_rivers_micro_b, tso_altar
Depths:5: evilmike_zot_entry_argh, layout_gridlike, pf_hell_entry_tar_river,
          serial_curves, eino_curves_01, eino_curves_03, minmay_shop_grove
Abyss:4:  evilmike_abyss_exit_16, evilmike_abyss_exit_plants, minivault_28,
          evilmike_abyss_exit_16, nicolae_abyss_rune_left_handed,
          hangedman_abyss_rune_macabre_mess, onia_ninara_dug_in_and_dangerous,
          evilmike_abyss_rune_tso_outpost, nicolae_abyss_rune_left_handed,
          evilmike_abyss_rune_elephants_shrine, minivault_25_ag,
          evilmike_nicolae_abyss_rune_betentacled_crabyss,
          evilmike_abyss_exit_chaos, nicolae_abyss_rune_left_handed,
          evilmike_abyss_exit_13, evilmike_nicolae_abyss_rune_containment_curve,
          evilmike_abyss_exit_13, evilmike_abyss_exit_12,
          serial_sigils_hangedman_gut, minivault_25, bh_abyss_xom_lugonu_altar,
          nicolae_abyss_rune_star_stuff, evilmike_abyss_exit_chaos,
          minivault_28, grunt_abyss_rune_wretched_hive,
          hangedman_abyss_or_decor_slice, due_exit_kobolds,
          evilmike_nicolae_abyss_rune_betentacled_crabyss

Skill      XL: |  1  2  3  4  5  6  7  8  9 10 11 12 13 14 15 16 17 18 19 20 21 22 23 24 25 26 27 |
---------------+----------------------------------------------------------------------------------+-----
Fighting       | 1 2 5 8 9 10 12 15 17 18 | 18.9
Short Blades   | 2 3 4 6 8 10 12 | 12.0
Ice Magic      | 1 2 3 |  3.0
Hexes          | 4 5 8 10 12 | 12.0
Stealth        | 4 5 6 9 10 11 12 14 15 | 15.0
Spellcasting   | 3 4 5 7 8 10 | 10.0
Evocations     | 3 5 7 9 11 12 13 | 13.0
Invocations    | 3 5 6 9 10 12 13 14 | 14.5
Charms         | 2 5 9 11 | 11.0
Translocations | 1 4 5 |  5.0
Air Magic      | 2 4 5 9 11 | 11.0
Shields        | 4 5 7 9 14 15 | 15.0
Conjurations   | 4 5 7 |  7.4
Poison Magic   | 3 |  3.0
Dodging        | 4 9 10 11 13 | 13.2
Fire Magic     | 3 7 |  7.6
Transmutations | 6 10 11 12 | 12.0
Earth Magic    | 6 10 11 12 | 12.0

Action                   |  1- 3 |  4- 6 |  7- 9 | 10-12 | 13-15 | 16-18 | 19-21 | 22-24 | 25-27 || total
-------------------------+-------+-------+-------+-------+-------+-------+-------+-------+-------++-------
Melee: Dagger            |   120 |   165 |   276 |   396 |   513 |   188 |   102 |    11 |       ||  1771
       Quick blade       |       |       |       |       |   206 |   783 |  1263 |  1867 |  2898 ||  7017
       Rapier            |       |       |       |       |       |   195 |       |       |       ||   195
       Kick              |       |       |       |       |       |       |       |   227 |   573 ||   800
Throw: Boomerang         |     4 |    17 |       |       |     6 |     4 |       |       |       ||    31
       Javelin           |       |     2 |       |       |       |       |       |       |       ||     2
       Dart              |       |       |    15 |    16 |    23 |    34 |    34 |    30 |    14 ||   166
       Stone             |       |       |       |    16 |     5 |       |       |       |       ||    21
       Throwing net      |       |       |       |       |       |     1 |       |     1 |       ||     2
 Cast: Corona            |     1 |       |       |       |       |     2 |       |       |       ||     3
       Ensorcelled Hiber |    12 |    31 |    33 |   163 |   153 |   113 |   204 |    47 |    10 ||   766
       Confuse           |       |     6 |    20 |    44 |    70 |    18 |    66 |    38 |     5 ||   267
       Tukima's Dance    |       |       |     3 |     5 |    11 |     2 |    35 |    18 |    13 ||    87
       Blink             |       |       |       |       |     5 |    54 |    29 |    12 |     8 ||   108
       Swiftness         |       |       |       |       |     4 |     3 |     3 |     3 |     1 ||    14
       Mephitic Cloud    |       |       |       |       |     1 |     5 |    18 |     2 |     1 ||    27
       Static Discharge  |       |       |       |       |       |     3 |       |       |       ||     3
       Shock             |       |       |       |       |       |     4 |     4 |       |       ||     8
       Sticky Flame      |       |       |       |       |       |       |    25 |     1 |     1 ||    27
       Fireball          |       |       |       |       |       |       |    20 |    11 |       ||    31
       Spectral Weapon   |       |       |       |       |       |       |    10 |    29 |    61 ||   100
       Statue Form       |       |       |       |       |       |       |       |    27 |    57 ||    84
       Deflect Missiles  |       |       |       |       |       |       |       |       |     3 ||     3
Invok: Line Pass         |       |       |     2 |     4 |     1 |    12 |     9 |     1 |     5 ||    34
       Stomp             |       |       |       |       |    11 |    47 |    55 |    26 |    24 ||   163
       Grand Finale      |       |       |       |       |       |     1 |     1 |     3 |     3 ||     8
 Abil: Evoke Invisibilit |       |       |       |       |     7 |    59 |    41 |     3 |     2 ||   112
       Evoke Flight      |       |       |       |       |       |    57 |     3 |       |     3 ||    63
       Stop Flying       |       |       |       |       |       |    18 |     1 |       |       ||    19
       End Transformatio |       |       |       |       |       |       |       |     4 |     8 ||    12
Evoke: Wand              |       |       |       |     2 |     7 |    26 |     2 |     8 |    23 ||    68
       Lamp of fire      |       |       |       |       |       |       |     1 |     3 |       ||     4
  Use: Scroll            |       |     2 |     1 |    19 |    17 |     9 |    15 |    13 |    18 ||    94
       Potion            |       |       |       |       |     4 |     7 |     4 |     5 |    14 ||    34
 Stab: Sleeping          |    10 |    24 |    35 |   111 |   113 |   147 |   173 |    51 |    31 ||   695
       Confused          |       |     5 |    10 |    21 |    30 |    28 |    58 |    34 |     1 ||   187
       Paralysed         |       |       |     3 |     7 |    23 |    45 |    50 |   113 |   159 ||   400
       Distracted        |       |       |       |     1 |     1 |     1 |     2 |    15 |    17 ||    37
       Invisible         |       |       |       |       |    14 |   102 |    80 |       |     2 ||   198
       Held in net/web   |       |       |       |       |       |       |     2 |       |       ||     2
  Eat: Chunk             |     4 |    13 |    13 |    27 |    32 |    68 |    56 |    51 |    28 ||   292
       Ration            |       |       |     1 |     3 |     3 |    11 |    10 |     4 |    17 ||    49
Armor: Chain mail        |    11 |       |       |       |       |       |       |       |       ||    11
       Robe              |    19 |    42 |    31 |    90 |   132 |   209 |   159 |    96 |    91 ||   869
       Skin              |       |       |       |       |       |       |       |   275 |   477 ||   752
Dodge: Dodged            |    74 |   115 |   162 |   218 |   374 |   728 |   702 |  1091 |  1164 ||  4628
       Deflected         |       |       |       |       |       |       |       |       |    15 ||    15
Block: Buckler           |       |       |       |    39 |   169 |   312 |   243 |   453 |    41 ||  1257
       Shield            |       |       |       |       |       |       |       |       |  1480 ||  1480
       Reflection        |       |       |       |       |       |       |       |       |    33 ||    33

Table legend:
 A = Non-vault XP
 B = Vault XP
 C = Vault XP percentage of total XP
 D = Non-vault monster count
 E = Vault monster count
 F = Vault count percentage of total count
                 A         B        C        D         E       F
            +---------+---------+-------+---------+---------+-------
      Total |  782369 |  358669 |  31.4 |    1750 |     604 |  25.7
            +---------+---------+-------+---------+---------+-------
        D:1 |      17 |       0 |   0.0 |      12 |       0 |   0.0
        D:2 |     129 |       0 |   0.0 |      32 |       0 |   0.0
        D:3 |      34 |       2 |   5.6 |       8 |       2 |  20.0
        D:4 |     258 |       0 |   0.0 |      14 |       0 |   0.0
        D:5 |     557 |     203 |  26.7 |      19 |       1 |   5.0
        D:6 |     880 |    3033 |  77.5 |      16 |      13 |  44.8
        D:7 |    1281 |      93 |   6.8 |      35 |       1 |   2.8
        D:8 |    1268 |    1985 |  61.0 |      21 |      12 |  36.4
        D:9 |    1329 |    1690 |  56.0 |      25 |       5 |  16.7
       D:10 |    3072 |       0 |   0.0 |      20 |       0 |   0.0
       D:11 |    4555 |    3542 |  43.7 |      41 |       9 |  18.0
       D:12 |    5576 |    7680 |  57.9 |      35 |      16 |  31.4
       D:13 |    4975 |    3591 |  41.9 |      23 |      11 |  32.4
       D:14 |    9744 |    5524 |  36.2 |      26 |       4 |  13.3
       D:15 |   24560 |    7658 |  23.8 |      60 |      23 |  27.7
     Lair:1 |    2872 |       0 |   0.0 |      17 |       0 |   0.0
     Lair:2 |    2237 |       0 |   0.0 |      10 |       0 |   0.0
     Lair:3 |    6986 |    1604 |  18.7 |      33 |       5 |  13.2
     Lair:4 |    1927 |       0 |   0.0 |       9 |       0 |   0.0
     Lair:5 |    1363 |     628 |  31.5 |       7 |       3 |  30.0
     Lair:6 |   14838 |    7787 |  34.4 |      50 |      48 |  49.0
   Shoals:1 |   16468 |    3413 |  17.2 |      33 |       7 |  17.5
   Shoals:2 |   12801 |    1581 |  11.0 |      24 |       1 |   4.0
   Shoals:3 |   13244 |       0 |   0.0 |      29 |       0 |   0.0
   Shoals:4 |   18312 |   30753 |  62.7 |      33 |      45 |  57.7
   Spider:1 |   14059 |       0 |   0.0 |      45 |       0 |   0.0
   Spider:2 |   19096 |    3771 |  16.5 |      45 |       1 |   2.2
   Spider:3 |   15854 |       0 |   0.0 |      46 |       0 |   0.0
   Spider:4 |   16460 |   27118 |  62.2 |      42 |      49 |  53.8
    Slime:1 |    9215 |       0 |   0.0 |      20 |       0 |   0.0
    Slime:2 |    9069 |       0 |   0.0 |      12 |       0 |   0.0
    Slime:3 |    4064 |       0 |   0.0 |       6 |       0 |   0.0
      Orc:1 |    2340 |       7 |   0.3 |      31 |       4 |  11.4
      Orc:2 |    1100 |   12095 |  91.7 |      19 |      27 |  58.7
      Elf:1 |   11551 |   11324 |  49.5 |      16 |      17 |  51.5
      Elf:2 |   13943 |   24990 |  64.2 |      27 |      30 |  52.6
   Vaults:1 |   25087 |   10507 |  29.5 |      56 |      20 |  26.3
   Vaults:2 |   42463 |   12900 |  23.3 |      71 |      19 |  21.1
   Vaults:3 |   30636 |   10762 |  26.0 |      48 |      15 |  23.8
   Vaults:4 |   26297 |   13514 |  33.9 |      49 |      13 |  21.0
    Crypt:1 |   46505 |   20291 |  30.4 |      72 |       9 |  11.1
    Crypt:2 |    1032 |       0 |   0.0 |       4 |       0 |   0.0
   Depths:1 |   35318 |    7306 |  17.1 |      43 |       4 |   8.5
   Depths:2 |   49255 |   20332 |  29.2 |      66 |      27 |  29.0
   Depths:3 |   47067 |   43524 |  48.0 |      56 |      39 |  41.1
   Depths:4 |   53326 |   22124 |  29.3 |      63 |      33 |  34.4
   Depths:5 |   17168 |   20154 |  54.0 |      22 |      16 |  42.1
    Abyss:1 |   37965 |       0 |   0.0 |      63 |       0 |   0.0
    Abyss:2 |   16896 |       0 |   0.0 |      46 |       0 |   0.0
    Abyss:3 |   27503 |    1432 |   4.9 |      43 |       5 |  10.4
    Abyss:4 |   59817 |    2799 |   4.5 |     107 |       7 |   6.1
     Bailey |       0 |    3185 | 100.0 |       0 |      40 | 100.0
      IceCv |       0 |    9767 | 100.0 |       0 |      23 | 100.0
            +---------+---------+-------+---------+---------+-------
